 Dungeon Crawl Stone Soup version 0.30.1-9-gdf580d7c3d (webtiles) character file.

Game seed: 15727526614368386784

31 Ninjinzu the Slasher (level 3, -2/1 (31) HPs)
             Began as a Gnoll Reaver on Oct 6, 2023.
             Slain by a worm (3 damage)
             ... on level 2 of the Dungeon.
             The game lasted 00:04:49 (1059 turns).

Ninjinzu the Slasher (Gnoll Reaver)                 Turns: 1059, Time: 00:04:50

HP:   -2/1 (31)     AC:  6    Str: 13    XL:     3   Next: 22%
MP:   0/9           EV: 10    Int: 12    God:
Gold: 54            SH:  0    Dex: 10    Spells: 11/12 levels left

rFire   . . .        a - +0 falchion (vamp)
rCold   . . .        (no shield)
rNeg    . . .        f - +0 scale mail
rPois   .            (no helmet)
rElec   .            (no cloak)
rCorr   .            (no gloves)
SInv    .            (no boots)
Will    .....        j - amulet of guardian spirit Stlth
                     (no ring)
HPRegen 0.20/turn    (no ring)
MPRegen 0.11/turn

%: guardian spirit
@: extremely drained
A: fangs 1, strong nose, distributed training
a: no special abilities


You were on level 2 of the Dungeon.
You visited 1 branch of the dungeon, and saw 2 of its levels.

You collected 54 gold pieces.

Inventory:

Hand Weapons
 a - a +0 vampiric falchion (weapon)
Armour
 b - a +0 leather armour
 f - a +0 scale mail (worn)
 l - a +0 scale mail
Jewellery
 j - an amulet of guardian spirit (around neck)
Scrolls
 c - a scroll of identify {unknown}
 d - a scroll of teleportation {unknown}
 e - 2 scrolls of brand weapon
Potions
 g - a potion of degeneration {unknown}
 h - a potion of curing {unknown}
 i - 2 potions of cancellation {unknown}
 k - a potion of mutation {unknown}


   Skills:
 + Level 4.5 Fighting
 + Level 0.7 Short Blades
 + Level 6.5 Long Blades
 + Level 0.7 Axes
 + Level 0.7 Maces & Flails
 + Level 0.7 Polearms
 + Level 0.7 Staves
 + Level 0.7 Ranged Weapons
 + Level 0.7 Throwing
 + Level 0.7 Armour
 + Level 4.5 Dodging
 + Level 0.7 Stealth
 + Level 0.7 Shields
 + Level 0.7 Unarmed Combat
 + Level 5.0 Spellcasting
 + Level 5.4 Conjurations
 + Level 0.5 Hexes
 + Level 0.5 Summonings
 + Level 0.5 Necromancy
 + Level 0.5 Translocations
 + Level 0.5 Transmutations
 + Level 0.5 Fire Magic
 + Level 0.5 Ice Magic
 + Level 0.5 Air Magic
 + Level 0.5 Earth Magic
 + Level 0.5 Poison Magic
 + Level 0.9 Invocations
 + Level 0.7 Evocations


You had 11 spell levels left.
You knew the following spells:

 Your Spells              Type           Power      Damage    Failure   Level
a - Kiss of Death         Conj/Necr      40%        2d8       28%         1

Your spell library contained the following spells:

 Spells                   Type           Power      Damage    Failure   Level
 Momentum Strike          Conj/Tloc      20%        3d8       41%         2
 Hailstorm                Conj/Ice       10%        3d5       65%         3


Dungeon Overview and Level Annotations

Branches:
Dungeon (2/15)

Altars:


Innate Abilities, Weirdness & Mutations

You have very sharp teeth.
Your uncanny sense of smell can sniff out nearby items.
Your experience applies equally to all skills.


Message History

You hit the rat.
You kill the rat!
Things that are here:
a +0 scale mail; a hobgoblin corpse
l - a +0 scale mail You start removing your armour.
You continue taking off your +0 leather armour. x4
You finish taking off your +0 leather armour.
You start putting on your armour.
You continue putting on your +0 scale mail. x5
You finish putting on your +0 scale mail.
Found a whip.
Found a stone staircase leading up.
A ball python comes into view.
A ball python is nearby!
The ball python bites you but does no damage.
The ball python grabs you. The ball python constricts you.
You hit the ball python.
The ball python is moderately wounded.
The ball python bites you but does no damage.
The ball python constricts you.
You hit the ball python.
You bite the ball python, but do no damage.
The ball python is severely wounded.
The ball python bites you but does no damage.
The ball python constricts you.
You hit the ball python.
You kill the ball python!
You see here a ball python corpse.
Found a robe.
You see here a +0 robe.
A worm comes into view.
The worm bites you.
You hit the worm.
The worm is lightly wounded.
You hit the worm. You bite the worm, but do no damage.
The worm is lightly wounded.
The worm bites you!
Ouch! That really hurt!
You die...

###.#...........
#...#########. ##.##
## #.# ### ..#####.#
#.. .....##.# #.#
...#.##.# #.# #
.....##.#######.##.#
....†...........@w.#
....###########.####
...###### #.#
#.......# #.#
#######.# #.# #.#
#.# #.# #.# #.# #.#
#.# #.#


You could see a worm.

Vanquished Creatures
  A dart slug (D:2)
  2 ball pythons
  3 endoplasms (D:1)
  2 giant cockroaches (D:1)
  3 goblins (D:1)
  7 hobgoblins
  A bat (D:1)
  A frilled lizard (D:1)
  4 kobolds
  A rat (D:2)
25 creatures vanquished.

Notes
Turn   | Place    | Note
-------+----------+-------------------------------------------
     0 | D:1      | Ninjinzu the Gnoll Reaver began the quest for the Orb.
     0 | D:1      | Reached XP level 1. HP: 20/20 MP: 6/6
    75 | D:1      | Reached XP level 2. HP: 13/14 MP: 4/7
   462 | D:1      | Reached skill level 5 in Spellcasting
   462 | D:1      | Reached XP level 3. HP: 6/6 MP: 4/9
   743 | D:1      | Found a faded altar of an unknown god.
  1059 | D:2      | Slain by a worm

Illustrated notes

Levels and vault maps discovered:
D:1:      evilmike_arrival_rings, layout_basic, shapermc_ecumenical_altar_venn
D:2:      minmay_angry_zag, layout_loops_ring, serial_shops,
          nicolae_shop_just_a_little_nook, shop, nicolae_shop_mannequins

Skill      XL: |  1  2 |
---------------+-------+-----
Spellcasting   | 5 |  5.0
Fighting       | |  4.5
Short Blades   | |  0.7
Long Blades    | |  6.5
Axes           | |  0.7
Maces & Flails | |  0.7
Polearms       | |  0.7
Staves         | |  0.7
Ranged Weapons | |  0.7
Throwing       | |  0.7
Armour         | |  0.7
Dodging        | |  4.5
Stealth        | |  0.7
Shields        | |  0.7
Unarmed Combat | |  0.7
Conjurations   | |  5.4
Hexes          | |  0.5
Summonings     | |  0.5
Necromancy     | |  0.5
Translocations | |  0.5
Transmutations | |  0.5
Fire Magic     | |  0.5
Ice Magic      | |  0.5
Air Magic      | |  0.5
Earth Magic    | |  0.5
Poison Magic   | |  0.5
Invocations    | |  0.9
Evocations     | |  0.7

Action                     || total
---------------------------++-------
  Melee: Falchion          ||    47
         Bite              ||     7
   Cast: Kiss of Death     ||    11
    Use: Scroll            ||     1
 Armour: Leather armour    ||     8
         Scale mail        ||     3
  Dodge: Dodged            ||    23
